PL
D.C. DIVIDED @ BOSTON PATRIOTS
09/22/2025
 
TOP OF THE 1ST
D.C. Divided batting - Pitching for Boston Patriots : RHP Tom Reynolds
Pitching: RHP Tom Reynolds
Batting: LHB Charles Mathes 0-0: Ball
1-0: Ball
2-0: Called Strike
2-1: Fly out, F7 (Flyball, 78M)
Batting: RHB Tony Romero 0-0: Fly out, F9 (Flyball, 9)
Batting: RHB Wilfred McLaughlin 0-0: SOLO HOME RUN (Flyball, 7LD), Distance : 363 ft
Batting: LHB Mike Gardner 0-0: Ball
1-0: Called Strike
1-1: Called Strike
1-2: Ball
2-2: Foul Ball, location: 2F
2-2: SINGLE (Line Drive, 34)
Batting: RHB Lúcio López 0-0: Called Strike
Mike Gardner steals 2nd base
0-1: Ball
1-1: Called Strike
1-2: Fly out, F4 (Line Drive, 4D)
Top of the 1st over - 1 run(s), 2 hit(s), 0 error(s), 1 left on base; D.C. 1 - Boston 0
BOTTOM OF THE 1ST
Boston Patriots batting - Pitching for D.C. Divided : RHP José Alaniz
Pitching: RHP José Alaniz
Batting: RHB Tommy Jones 0-0: Bunted foul
0-1: Fly out, F5 (Line Drive, 5L)
Batting: RHB Tamasaburo Kato 0-0: Ball
1-0: Called Strike
1-1: Foul Ball, location: 2F
1-2: Ground out 5-3 (Groundball, 5)
Batting: RHB Brent Ryan 0-0: Called Strike
0-1: Ball
1-1: Called Strike
1-2: SINGLE (Flyball, 89S)
Batting: RHB Terry Armstrong 0-0: Ball
1-0: Called Strike
1-1: Foul Ball, location: 2F
1-2: Ball
2-2: Foul Ball, location: 2F
2-2: Strikes out swinging
Bottom of the 1st over - 0 run(s), 1 hit(s), 0 error(s), 1 left on base; D.C. 1 - Boston 0
TOP OF THE 2ND
D.C. Divided batting - Pitching for Boston Patriots : RHP Tom Reynolds
Batting: LHB Ray Sears 0-0: Ball
1-0: Called Strike
1-1: Ball
2-1: Fly out, F8 (Flyball, 8RM)
Batting: LHB Tony Dyer 0-0: Foul Ball, location: 2F
0-1: Called Strike
0-2: Strikes out swinging
Batting: RHB Mario Castillo 0-0: Ball
1-0: SINGLE (Groundball, 15S) (infield hit)
Batting: RHB Cristo González 0-0: Called Strike
0-1: Fly out, F8 (Flyball, 8LM)
Top of the 2nd over - 0 run(s), 1 hit(s), 0 error(s), 1 left on base; D.C. 1 - Boston 0
BOTTOM OF THE 2ND
Boston Patriots batting - Pitching for D.C. Divided : RHP José Alaniz
Batting: LHB Ki-tak Im 0-0: Ball
1-0: Ball
2-0: Called Strike
2-1: Ground out 4-3 (Groundball, 4)
Batting: RHB Seon-keun Kim 0-0: Fly out, F6 (Line Drive, 6)
Batting: LHB Bill Chambers 0-0: Ball
1-0: Ball
2-0: Foul Ball, location: 2F
2-1: Ground out 6-3 (Groundball, 6)
Bottom of the 2nd over - 0 run(s), 0 hit(s), 0 error(s), 0 left on base; D.C. 1 - Boston 0
TOP OF THE 3RD
D.C. Divided batting - Pitching for Boston Patriots : RHP Tom Reynolds
Batting: LHB Charles Mathes 0-0: Ball
1-0: Ball
2-0: Called Strike
2-1: Swinging Strike
2-2: Foul Ball, location: 2F
2-2: Strikes out swinging, 2-3 out at first.
Batting: RHB Tony Romero 0-0: Ball
1-0: Foul Ball, location: 2F
1-1: Ball
2-1: Called Strike
2-2: Strikes out looking
Batting: RHB Wilfred McLaughlin 0-0: Called Strike
0-1: Ball
1-1: Called Strike
1-2: Strikes out swinging
Top of the 3rd over - 0 run(s), 0 hit(s), 0 error(s), 0 left on base; D.C. 1 - Boston 0
BOTTOM OF THE 3RD
Boston Patriots batting - Pitching for D.C. Divided : RHP José Alaniz
Batting: RHB Karl Schultz 0-0: Ground out 5-3 (Groundball, 5)
Batting: LHB Chad Armstrong 0-0: Called Strike
0-1: Foul Ball, location: 2F
0-2: Foul Ball, location: 2F
0-2: Ball
1-2: Fly out, F8 (Flyball, 8LS)
Batting: RHB Tommy Jones 0-0: Ball
1-0: Ball
2-0: Ball
3-0: Base on Balls
Batting: RHB Tamasaburo Kato 0-0: Called Strike
0-1: Swinging Strike
0-2: Ball
1-2: Ball
2-2: Foul Ball, location: 2F
2-2: Ball
3-2: Ground out 6-3 (Groundball, 6M)
Bottom of the 3rd over - 0 run(s), 0 hit(s), 0 error(s), 1 left on base; D.C. 1 - Boston 0
TOP OF THE 4TH
D.C. Divided batting - Pitching for Boston Patriots : RHP Tom Reynolds
Batting: LHB Mike Gardner 0-0: Called Strike
0-1: Swinging Strike
0-2: Strikes out looking
Batting: RHB Lúcio López 0-0: Ball
1-0: Called Strike
1-1: Swinging Strike
1-2: Strikes out swinging
Batting: LHB Ray Sears 0-0: Foul Ball, location: 2F
0-1: Ball
1-1: Foul Ball, location: 2F
1-2: Ball
2-2: Strikes out swinging
Top of the 4th over - 0 run(s), 0 hit(s), 0 error(s), 0 left on base; D.C. 1 - Boston 0
BOTTOM OF THE 4TH
Boston Patriots batting - Pitching for D.C. Divided : RHP José Alaniz
Batting: RHB Brent Ryan 0-0: Ball
1-0: Foul Ball, location: 2F
1-1: Ball
2-1: SINGLE (Flyball, 8LS)
Batting: RHB Terry Armstrong 0-0: Called Strike
0-1: Ball
1-1: Called Strike
1-2: Ball
2-2: Foul Ball, location: 2F
2-2: Grounds into double play, 5-4-3 (Groundball, 56)
Batting: LHB Ki-tak Im 0-0: Ground out 4-3 (Groundball, 4)
Bottom of the 4th over - 0 run(s), 1 hit(s), 0 error(s), 0 left on base; D.C. 1 - Boston 0
TOP OF THE 5TH
D.C. Divided batting - Pitching for Boston Patriots : RHP Tom Reynolds
Batting: LHB Tony Dyer 0-0: Reached on error, E7 (Flyball, 78D)
Batting: RHB Mario Castillo 0-0: Called Strike
0-1: Ball
1-1: Swinging Strike
1-2: Strikes out swinging
Batting: RHB Cristo González 0-0: Ball
1-0: Foul Ball, location: 2F
1-1: SINGLE (Groundball, 34D)
Tony Dyer to third
Runner from 3rd tries for Home, SAFE, throw made home
Cristo González to second
Batting: LHB Charles Mathes 0-0: Intentional Walk
Batting: RHB Tony Romero 0-0: Called Strike
0-1: Called Strike
0-2: Ball
1-2: Ball
2-2: Strikes out swinging
Batting: RHB Wilfred McLaughlin 0-0: Swinging Strike
0-1: Called Strike
0-2: Ball
1-2: Strikes out swinging
Top of the 5th over - 1 run(s), 1 hit(s), 1 error(s), 2 left on base; D.C. 2 - Boston 0
BOTTOM OF THE 5TH
Boston Patriots batting - Pitching for D.C. Divided : RHP José Alaniz
Batting: RHB Seon-keun Kim 0-0: Ground out 5-3 (Groundball, 5S)
Batting: LHB Bill Chambers 0-0: Ball
1-0: Foul Ball, location: 2F
1-1: Called Strike
1-2: Strikes out looking
Batting: RHB Karl Schultz 0-0: Ball
1-0: Ground out 5-3 (Groundball, 5S)
Bottom of the 5th over - 0 run(s), 0 hit(s), 0 error(s), 0 left on base; D.C. 2 - Boston 0
TOP OF THE 6TH
D.C. Divided batting - Pitching for Boston Patriots : RHP Tom Reynolds
Batting: LHB Mike Gardner 0-0: Called Strike
0-1: Called Strike
0-2: Ball
1-2: Ball
2-2: Ball
3-2: Ground out 3-1 (Groundball, 34)
Batting: RHB Lúcio López 0-0: Called Strike
0-1: Foul Ball, location: 2F
0-2: Foul Ball, location: 2F
0-2: Foul Ball, location: 2F
0-2: Ball
1-2: Strikes out swinging
Batting: LHB Ray Sears 0-0: Called Strike
0-1: Fly out, F8 (Flyball, 8LXD)
Top of the 6th over - 0 run(s), 0 hit(s), 0 error(s), 0 left on base; D.C. 2 - Boston 0
BOTTOM OF THE 6TH
Boston Patriots batting - Pitching for D.C. Divided : RHP José Alaniz
Batting: LHB Chad Armstrong 0-0: Called Strike
0-1: Ball
1-1: Ball
2-1: Foul Ball, location: 2F
2-2: Foul Ball, location: 2F
2-2: Foul Ball, location: 2F
2-2: Foul Ball, location: 2F
2-2: Ball
3-2: Foul Ball, location: 2F
3-2: Ground out 4-3 (Groundball, 4)
Batting: RHB Tommy Jones 0-0: Swinging Strike
0-1: Ball
1-1: Ball
2-1: Swinging Strike
2-2: Fly out, F5 (Line Drive, 5L)
Batting: RHB Tamasaburo Kato 0-0: Ball
1-0: Foul Ball, location: 2F
1-1: Ball
2-1: Ball
3-1: Foul Ball, location: 2F
3-2: SINGLE (Groundball, 4MD)
Batting: RHB Brent Ryan 0-0: Fielders Choice at 2nd, 4-6 (Groundball, 4)
Bottom of the 6th over - 0 run(s), 1 hit(s), 0 error(s), 0 left on base; D.C. 2 - Boston 0
TOP OF THE 7TH
D.C. Divided batting - Pitching for Boston Patriots : RHP Tom Reynolds
Batting: LHB Tony Dyer 0-0: Ball
1-0: Called Strike
1-1: Ball
2-1: SINGLE (Groundball, 4D)
Batting: RHB Mario Castillo 0-0: Ball
1-0: Ball
2-0: Ball
3-0: Base on Balls
Tony Dyer to second
Batting: RHB Cristo González 0-0: Ball
1-0: Fly out, F7 (Flyball, 7LMF)
Batting: LHB Charles Mathes 0-0: Grounds into double play, 4-6-3 (Groundball, 4)
Top of the 7th over - 0 run(s), 1 hit(s), 0 error(s), 1 left on base; D.C. 2 - Boston 0
BOTTOM OF THE 7TH
Boston Patriots batting - Pitching for D.C. Divided : RHP José Alaniz
Batting: RHB Terry Armstrong 0-0: Ball
1-0: Ball
2-0: Ball
3-0: Base on Balls
Batting: LHB Ki-tak Im 0-0: Ball
1-0: Foul Ball, location: 2F
1-1: Reached on error, E3 (Groundball, 34S)
Terry Armstrong to second
Batting: RHB Seon-keun Kim 0-0: SINGLE (Groundball, 34D)
Terry Armstrong to third
Ki-tak Im to second
Runner from 3rd tries for Home, throw and OUT!
Batting: LHB Bill Chambers 0-0: Called Strike
0-1: Grounds into double play, 6-4-3 (Groundball, 6)
Bottom of the 7th over - 0 run(s), 1 hit(s), 1 error(s), 1 left on base; D.C. 2 - Boston 0
TOP OF THE 8TH
D.C. Divided batting - Pitching for Boston Patriots : RHP Tom Reynolds
Batting: RHB Tony Romero 0-0: Fly out, F8 (Flyball, 8RD)
Batting: RHB Wilfred McLaughlin 0-0: Ball
1-0: Ball
2-0: Ball
3-0: Base on Balls
Batting: LHB Mike Gardner 0-0: Ball
1-0: Ball
2-0: Called Strike
2-1: Ball
3-1: Called Strike
3-2: Fly out, F7 (Flyball, 7LS)
Pitching: RHP Kyung-un Yi
Batting: RHB Lúcio López 0-0: Called Strike
Wilfred McLaughlin steals 2nd base
0-1: Called Strike
0-2: Ball
1-2: Fly out, F6 (Popup, 6D)
Top of the 8th over - 0 run(s), 0 hit(s), 0 error(s), 1 left on base; D.C. 2 - Boston 0
BOTTOM OF THE 8TH
Boston Patriots batting - Pitching for D.C. Divided : RHP José Alaniz
Batting: RHB Karl Schultz 0-0: Called Strike
0-1: Ball
1-1: Ground out 1-3 (Groundball, 13S)
Batting: LHB Chad Armstrong 0-0: Ball
1-0: Swinging Strike
1-1: Fly out, F8 (Flyball, 8RS)
Batting: RHB Tommy Jones 0-0: Ball
1-0: SINGLE (Groundball, 56D)
Batting: RHB Tamasaburo Kato 0-0: Ball
1-0: Foul Ball, location: 2F
1-1: Ball
2-1: Ball
3-1: Fly out, F8 (Line Drive, 8RXD)
Bottom of the 8th over - 0 run(s), 1 hit(s), 0 error(s), 1 left on base; D.C. 2 - Boston 0
TOP OF THE 9TH
D.C. Divided batting - Pitching for Boston Patriots : RHP Kyung-un Yi
Batting: LHB Ray Sears 0-0: Called Strike
0-1: Swinging Strike
0-2: Ball
1-2: Strikes out swinging
Batting: LHB Tony Dyer 0-0: Called Strike
0-1: Swinging Strike
0-2: Foul Ball, location: 2F
0-2: Ball
1-2: Ball
2-2: Ground out 3-1 (Groundball, 34)
Batting: RHB Mario Castillo 0-0: Ball
1-0: Fly out, F2 (Popup, 2L)
Top of the 9th over - 0 run(s), 0 hit(s), 0 error(s), 0 left on base; D.C. 2 - Boston 0
BOTTOM OF THE 9TH
Boston Patriots batting - Pitching for D.C. Divided : RHP José Alaniz
Batting: RHB Brent Ryan 0-0: Ball
1-0: Fly out, F8 (Flyball, 8LS)
Batting: RHB Terry Armstrong 0-0: Called Strike
0-1: Foul Ball, location: 2F
0-2: Ball
1-2: Foul Ball, location: 2F
1-2: Ball
2-2: Foul Ball, location: 2F
2-2: SINGLE (Groundball, 3D)
Pitching: RHP Gabriel Hidalgo
Batting: LHB Ki-tak Im 0-0: Ball
1-0: Ball
2-0: Foul Ball, location: 2F
2-1: Ball
3-1: Swinging Strike
3-2: Foul Ball, location: 2F
3-2: Foul Ball, location: 2F
3-2: Grounds into double play, 1-6-3 (Groundball, 13S)
Bottom of the 9th over - 0 run(s), 1 hit(s), 0 error(s), 0 left on base; D.C. 2 - Boston 0
Friday, December 30th, 2016 - OOTP Baseball 17.12 Build 75